cohdb
Replays
Latest Replays
All Replays
Popular Replays
Top Player Replays
Match Explorer
How It Works
Community
CoH3 Stats
Reddit
Sign in to upload your games and track your stats! →
Sign in with Steam
Match 45754943
Unlisted
Match 45754943
Overview
Messages
Build Orders
End
Kradschützen Motorcycle Team
Selects Battlefield Espionage Battlegroup
Panzerpioneer Squad
250 Light Carrier
Panzerpioneer Squad
Construct Light Support Kompanie
Selects Intel Disruption Beacon
Panzerjäger Squad
Construct Mechanized Kompanie
8 Rad Armored Car
Vehicle Survival Package
254 Reconnaissance Tractor
Alloyzy Klex®
SEPH
Von_Dolofon
Trailer Park Supervisor
0
0
Comments
sign in to comment!
No comments posted yet!